 Dungeon Crawl Stone Soup version 0.21-a0-352-g5b8f553 (webtiles) character file.

3014 Hasart the Prestidigitator (level 10, -4/52 HPs)
             Began as a Kobold Artificer on Oct 11, 2017.
             Slain by a wight
             ... wielding a +0 great sword
              (5 damage)
             ... on level 7 of the Dungeon.
             The game lasted 00:24:47 (10734 turns).

Hasart the Prestidigitator (Kobold Artificer)      Turns: 10734, Time: 00:24:49

Health: -4/52      AC:  5    Str:  7 (9)  XL:     10   Next: 10%
Magic:  12/17      EV: 14    Int: 12 (15) God:
Gold:   309        SH:  0    Dex: 14 (17) Spells: 14/19 levels left

rFire    + + .     SeeInvis .   G - +3 dagger "Neock" {venom, rF+ MR++} (curse)
rCold    + . .     Gourm    .   (shield restricted)
rNeg     . . .     Faith    .   E - +0 robe {MR+}
rPois    +         Spirit   .   (no helmet)
rElec    +         Reflect  .   F - +2 cloak {+Inv}
rCorr    +         Harm     .   (no gloves)
MR       +++..                  (no boots)
Stlth    +.........             m - amulet of rage
HPRegen  0.17/turn              (no ring)
MPRegen  0.15/turn              (no ring)

@: about to teleport, resistant, drained
A: carnivore 3
a: Evoke Berserk Rage, Evoke Invisibility


You were on level 7 of the Dungeon.
You were not hungry.

You visited 2 branches of the dungeon, and saw 9 of its levels.
You also visited: Ossuary.

You collected 423 gold pieces.
You spent 114 gold pieces at shops.

Inventory:

Hand Weapons
 G - the cursed +3 dagger "Neock" (weapon) {venom, rF+ MR++}
   (You found it on level 8 of the Dungeon)

   It poisons the flesh of those it strikes.
   It protects you from fire.
   It affects your resistance to hostile enchantments.
   It has a curse placed upon it.
Armour
 E - a +0 robe of magic resistance (worn)
 F - a +2 cloak of invisibility (worn)
Jewellery
 m - an amulet of rage (around neck)
Wands
 c - a wand of flame (19/48)
 d - a wand of enslavement (2/24)
 e - a wand of random effects (0/48)
Scrolls
 g - a scroll of fog
 h - 6 scrolls of identify
 i - a scroll of recharging
 j - 2 scrolls of immolation {unknown}
 k - 4 scrolls of teleportation
 o - 2 scrolls of remove curse
 r - a scroll of enchant weapon {unknown}
 v - a scroll of magic mapping
 w - a scroll of enchant armour {unknown}
 y - a scroll of brand weapon {unknown}
 z - a scroll of fear {unknown}
 A - a scroll of random uselessness {unknown}
 C - a scroll of noise {unknown}
Potions
 l - a potion of berserk rage {unknown}
 n - a potion of curing {unknown}
 s - 2 potions of flight {unknown}
 x - a potion of mutation {unknown}
 B - a potion of lignification {unknown}
 D - a potion of agility {unknown}
Books
 u - a book of Minor Magic

   Spells                             Type                      Level
   a - Magic Dart                     Conjuration                  1
   b - Blink                          Translocation                2
   c - Call Imp                       Summoning                    2
   d - Slow                           Hexes                        2
   e - Conjure Flame                  Conjuration/Fire             3
   f - Mephitic Cloud                 Conjuration/Poison/Air       3
Comestibles
 f - 4 meat rations
 p - 7 royal jellies


   Skills:
 - Level 1.1(0.2) Fighting
 - Level 7.1(6.0) Short Blades
   Level 0.1(1.7) Long Blades
 - Level 2.4(1.5) Dodging
 - Level 1.3(0.4) Stealth
 + Level 5.0(4.0) Spellcasting
 + Level 4.9(3.9) Conjurations
 + Level 4.9(4.0) Air Magic
 + Level 5.0(4.0) Poison Magic
 + Level 8.6(7.5) Evocations


You had 14 spell levels left.
You knew the following spells:

 Your Spells              Type           Power        Failure   Level  Hunger
a - Blink                 Tloc           N/A          32%         2    ##.....
b - Mephitic Cloud        Conj/Pois/Air  ##......     13%         3    ###....


Dungeon Overview and Level Annotations

Branches:
Dungeon (8/15)             Temple (1/1) D:6
   Lair: D:8-11

Altars:
Ashenzari
Dithmenos
Fedhas
Gozag
Makhleb
Qazlal
Ru
Sif Muna
Trog
Uskayaw
Vehumet
Wu Jian
Xom
Yredelemnul
Zin
The Shining One

Shops:
D:6 [

Annotations:
D:5 p0werm0de's ghost, amateur GnWz
D:8 Dominolapin's ghost, novice OgNe


Innate Abilities, Weirdness & Mutations

You are small and have problems with some larger weapons.
You are carnivorous and can eat meat at any time.


Message History

Unknown command.
It was a potion of resistance.
You feel protected. The wight closely misses you. The orc closely misses you.
Unknown command.
You hit the orc.
The orc is poisoned.
The orc is moderately wounded.
The wight hits you with a spear of freezing.
You feel drained.
* * * LOW HITPOINT WARNING * * *
The wight freezes you.
* * * LOW HITPOINT WARNING * * *
The orc barely misses you.
It was a potion of degeneration.
There was something very wrong with that liquid.
You feel weakened.
You feel dopey.
You feel clumsy. The wight hits you with a great sword!
* * * LOW HITPOINT WARNING * * *
You feel drained.
You die...

*,#.........###...............
*,#...........................
*,.?......###...>.o...........
*,,#.....######.##.o#.z.......
*,##!..o..§§###§###.##).......
*,#.......#§§§Y§.....#......#a
*,#......z#####§..##......####
*,#......(.o#####.#*##.....#**
*,#......##Y.@z##.#**#..#....,
**#.#...#*####z...............
*.,#.##* *###.####.#......
*,*#)* *,#***,***,,,, **,*#,*
**,,,**,***,*** *,,*,,*
**,,,,,,,,,,,,** *,*,,**
**,,,,,,,,,,,,,,* ******,**
****,,,,,,,,,,,,,,,, *,,,,,,,*
***,,,,,,,,,,,,,,,,,,,


You could see an ice beast, 3 wights and an orc.

Vanquished Creatures
  Maurice (D:8)
  Grinder (D:6)
  A wraith (Ossuary)
  Menkaure (D:6)
  A sky beast (D:6)
  A necrophage (D:6)
  A centaur (D:7)
  2 ogres
  3 bullfrogs
  A gnoll shaman (D:4)
  An orc priest (Temple)
  A scorpion (D:6)
  2 wights (D:6)
  8 crimson imps
  2 hounds
  A jelly (D:6)
  A bullfrog skeleton (D:6)
  4 orc wizards
  An iguana (D:8)
  2 worker ants
  A mummy (Ossuary)
  12 adders
  9 gnolls
  A shadow imp (D:7)
  5 worms
  2 dart slugs
  6 leopard geckos
  11 orcs
  A ball python (D:6)
  7 giant cockroaches
  9 goblins
  7 hobgoblins
  4 quokkas
  14 bats
  5 frilled lizards
  7 gnoll skeletons (Ossuary)
  9 kobolds
  6 kobold skeletons (Ossuary)
  12 orc skeletons (Ossuary)
  A quokka skeleton (D:6)
  9 rats
  A spectral orc (D:3)
175 creatures vanquished.

Vanquished Creatures (collateral kills)
  A two-headed ogre (D:8)
  A bullfrog (D:6)
  4 killer bees (D:8)
  A wight (D:6)
  An orc priest (D:5)
  2 gnolls (D:4)
  A worm (D:4)
  A dart slug (D:2)
  A leopard gecko (D:2)
  A frilled lizard (D:4)
14 creatures vanquished.

Vanquished Creatures (others)
  2 killer bees (D:8)
  A howler monkey (D:4)
  A gnoll (D:4)
  A goblin (D:2)
5 creatures vanquished.

Grand Total: 194 creatures vanquished

Notes
Turn   | Place    | Note
-------+----------+-------------------------------------------
     0 | D:1      | Hasart the Kobold Artificer began the quest for the Orb.
     0 | D:1      | Reached XP level 1. HP: 12/12 MP: 3/3
   183 | D:1      | Reached XP level 2. HP: 12/16 MP: 4/4
   612 | D:1      | Reached skill level 4 in Evocations
  1017 | D:1      | Reached XP level 3. HP: 11/20 MP: 6/6
  1561 | D:2      | Reached XP level 4. HP: 20/25 MP: 7/7
  2629 | D:2      | Reached XP level 5. HP: 29/29 MP: 8/8
  2907 | D:2      | Reached skill level 5 in Short Blades
  4188 | D:3      | Found a shimmering altar of Xom.
  4308 | D:3      | Reached skill level 5 in Evocations
  4318 | D:3      | Reached XP level 6. HP: 29/34 MP: 9/9
  4717 | D:3      | Found a basalt altar of Yredelemnul.
  5072 | D:4      | Learned a level 2 spell: Blink
  5076 | D:4      | Learned a level 3 spell: Mephitic Cloud
  5087 | D:4      | Reached XP level 7. HP: 38/38 MP: 11/11
  5182 | D:4      | Found a bloodstained altar of Trog.
  5465 | D:4      | Reached skill level 6 in Evocations
  5473 | D:4      | Reached skill level 1 in Spellcasting
  5490 | D:4      | Reached skill level 1 in Poison Magic
  5494 | D:4      | Reached skill level 1 in Conjurations
  5494 | D:4      | Reached skill level 1 in Air Magic
  5547 | D:4      | Found a sand-covered staircase.
  5552 | Ossuary  | Entered an ossuary
  5552 | Ossuary  | Noticed a wraith
  5552 | Ossuary  | Noticed a wraith
  5552 | Ossuary  | Noticed a wraith
  5979 | Ossuary  | Noticed a wraith
  6026 | Ossuary  | Killed a wraith
  6026 | Ossuary  | Reached XP level 8. HP: 25/43 MP: 12/12
  6733 | D:5      | Entered Level 5 of the Dungeon
  6827 | D:5      | Noticed p0werm0de's ghost (amateur GnWz)
  7525 | D:6      | Found a staircase to the Ecumenical Temple.
  7534 | Temple   | Entered the Ecumenical Temple
  7944 | D:6      | Reached skill level 7 in Evocations
  8506 | D:6      | Reached XP level 9. HP: 47/47 MP: 14/14
  8783 | D:6      | Noticed Grinder
  8785 | D:6      | Paralysed by Grinder for 2 turns
  8789 | D:6      | Paralysed by Grinder for 5 turns
  8794 | D:6      | Killed Grinder
  9308 | D:6      | Found Ahiden's Antique Armour Boutique.
  9317 | D:6      | Bought a runed robe for 114 gold pieces
  9562 | D:7      | Noticed Menkaure
  9578 | D:6      | Killed Menkaure
 10063 | D:7      | Reached skill level 8 in Evocations
 10218 | D:8      | Noticed Maurice
 10243 | D:8      | Killed Maurice
 10404 | D:8      | Noticed a two-headed ogre
 10425 | D:8      | Killed a two-headed ogre
 10425 | D:8      | Reached skill level 5 in Spellcasting
 10425 | D:8      | Reached skill level 5 in Poison Magic
 10425 | D:8      | Reached XP level 10. HP: 52/52 MP: 17/17
 10672 | D:8      | Got a scorched dagger
 10673 | D:8      | Identified the cursed +3 dagger "Neock" {venom, rF+ MR++} (You found it on level 8 of the Dungeon)
 10676 | D:8      | Noticed Dominolapin's ghost (novice OgNe)
 10734 | D:7      | HP: 1/52 [wight/great sword (13)]
 10734 | D:7      | Slain by a wight

Vault maps used:
D:1:      eino_arrival_cavern_b, hangedman_decor_push
D:2:      grunt_decor_arrowhead, hex_tiny, mrwooster_statue_mirror
D:3:      yredelemnul_forgotten_temple_becter, led_xom_imps
D:4:      bloody_trog, cheibrodos_sewer_entry_bend, enter_ossuary_5
D:5:      kennysheep_mini_moat, first_bread
D:6:      lemuel_upstairs_altar, temple_statues, serial_shops, shop_fountains,
          uniq_grinder
D:7:      nemelex_altar_shiori, kennysheep_pointless_box, uniq_menkaure
D:8:      uniq_joseph, uniq_maurice, uniq_psyche
Temple:   oiseaux_autumnal_temple
Ossuary:  ossuary_due_mausoleum

Skill      XL: |  1  2  3  4  5  6  7  8  9 |
---------------+----------------------------+-----
Short Blades   | 2 3 4 5 7 |  7.1
Evocations     | 4 5 6 7 8 |  8.6
Spellcasting   | 1 3 5 |  5.0
Poison Magic   | 1 3 5 |  5.0
Conjurations   | 1 3 4 |  4.9
Air Magic      | 1 3 4 |  4.9
Fighting       | |  1.1
Long Blades    | |  0.1
Dodging        | |  2.4
Stealth        | |  1.3

Action                   |  1- 3 |  4- 6 |  7- 9 | 10-12 || total
-------------------------+-------+-------+-------+-------++-------
Melee: Short sword       |   104 |   255 |   357 |       ||   716
       Falchion          |       |    11 |       |       ||    11
       Dagger            |       |       |       |    15 ||    15
 Cast: Mephitic Cloud    |       |       |     8 |     2 ||    10
 Abil: Evoke Berserk Rag |       |       |     1 |       ||     1
Evoke: Wand              |     9 |     6 |    57 |       ||    72
  Use: Potion            |     2 |       |       |     2 ||     4
       Scroll            |       |     3 |     1 |     4 ||     8
 Stab: Sleeping          |       |     4 |     1 |       ||     5
       Distracted        |       |       |     2 |       ||     2
       Confused          |       |       |     4 |       ||     4
  Eat: Chunk             |    10 |    16 |    15 |       ||    41
Armor: Leather armour    |    21 |    48 |    18 |       ||    87
       Robe              |       |       |     6 |     2 ||     8
Dodge: Dodged            |    73 |   177 |   181 |    12 ||   443
       Rpst.: Falchion   |       |     3 |       |       ||     3

Table legend:
 A = Spawn XP
 B = Non-spawn XP
 C = Spawn XP percentage of total XP
 D = Spawn monster count
 E = Non-spawn monster count
 F = Spawn count percentage of total count
 G = Total turns spent on level
                    A         B        C        D         E        F      G
               +---------+---------+-------+---------+---------+-------+---------
         Total |       0 |    4306 |   0.0 |       0 |     191 |   0.0 | 10734
               +---------+---------+-------+---------+---------+-------+---------
           D:1 |       0 |      34 |   0.0 |       0 |      21 |   0.0 |  1347
           D:2 |       0 |     130 |   0.0 |       0 |      29 |   0.0 |  2027
           D:3 |       0 |     298 |   0.0 |       0 |      34 |   0.0 |  1645
           D:4 |       0 |     332 |   0.0 |       0 |      22 |   0.0 |   957
           D:5 |       0 |     299 |   0.0 |       0 |      12 |   0.0 |   737
           D:6 |       0 |    1600 |   0.0 |       0 |      27 |   0.0 |  2228
           D:7 |       0 |     248 |   0.0 |       0 |      11 |   0.0 |   153
           D:8 |       0 |    1041 |   0.0 |       0 |       7 |   0.0 |   553
        Temple |       0 |      83 |   0.0 |       0 |       1 |   0.0 |   320
       Ossuary |       0 |     241 |   0.0 |       0 |      27 |   0.0 |   767
               +---------+---------+-------+---------+---------+-------+---------
